 Dungeon Crawl Stone Soup version 0.31-a0-408-gb642c7f9a3 (webtiles) character file.

Game seed: 10068455558422686017

124105 RepHenryClay the Severer (level 16, -10/147 (159) HPs)
             Began as a Hill Orc Cinder Acolyte on July 29, 2023.
             Was the Champion of Okawaru.
             Mangled by a pharaoh ant (27 damage)
             ... on level 2 of the Spider Nest.
             The game lasted 00:58:13 (27993 turns).

RepHenryClay the Severer (Hill Orc Cinder Acolyte) Turns: 27993, Time: 00:58:13

HP:   -10/147 (159) AC: 17    Str: 19    XL:     16   Next: 92%
MP:   21/21         EV: 11    Int: 16    God:    Okawaru [******]
Gold: 695           SH:  0    Dex: 12    Spells: 11/17 levels left

rFire   . . .        b - +5 war axe (venom)
rCold   + . .        (no shield)
rNeg    . . .        i - +2 chain mail {rC+}
rPois   +            z - +0 hat "Ligunwakh" {Rampage rElec rPois Str-2}
rElec   +            P - +2 cloak
rCorr   .            k - +2 pair of gloves of Gashi {Int+2}
SInv    .            m - +2 pair of boots
Will    ++...        s - amulet of regeneration Stlth
                     T - +9 ring of slaying
HPRegen 1.24/turn    t - ring of willpower
MPRegen 0.17/turn

%: rampage
@: corroded, drained
A: thin skeletal structure 1, screaming 1
a: Renounce Religion, Heroism, Finesse, Duel


You were on level 2 of the Spider Nest.
You worshipped Okawaru.
Okawaru was exalted by your worship.
You visited 4 branches of the dungeon, and saw 24 of its levels.
You also visited: Gauntlet.

You collected 3367 gold pieces.
You spent 2672 gold pieces at shops.

Inventory:

Hand Weapons
 a - a +1 war axe of flaming
 b - a +5 war axe of venom (weapon)
 h - a +1 heavy battleaxe
 D - the +3 war axe "Etsoxt" {venom, rC+}
   (You found it on level 5 of the Dungeon)

   rC:        It protects you from cold.
Missiles
 B - 3 silver javelins
 Q - 4 javelins
Armour
 i - a +2 chain mail of cold resistance (worn)
 j - a +4 plate armour of ponderousness
 k - the +2 pair of gloves of Gashi (worn) {Int+2}
   (You found it in a Gauntlet)

   Int:       It affects your intelligence (+2).
 m - a +2 pair of boots (worn)
 y - a +2 helmet of see invisible
 z - the +0 hat "Ligunwakh" (worn) {Rampage rElec rPois Str-2}
   (You found it in a Gauntlet)

   Str:       It affects your strength (-2).
   rElec:     It insulates you from electricity.
   rPois:     It protects you from poison.
   Rampage:   It bestows one free step when moving towards enemies.
 P - a +2 cloak (worn)
 W - the +1 chain mail of Simamnum {Fly rPois rC- Str+4}
   (You found it on level 12 of the Dungeon)

   Str:       It affects your strength (+4).
   rC:        It makes you vulnerable to cold.
   rPois:     It protects you from poison.
   Fly:       It grants you flight.
Jewellery
 o - the ring "Vuymoic" {Fly rF- rN+ Str+2}
   (You took it off a boggart on level 3 of the Lair of Beasts)

   [ring of flight]

   Str:       It affects your strength (+2).
   rF:        It makes you vulnerable to fire.
   rN:        It protects you from negative energy.
   Fly:       It grants you flight.
 p - a ring of protection from fire
 q - an amulet of reflection
 r - a +6 ring of strength
 s - an amulet of regeneration (around neck)
 t - a ring of willpower (right hand)
 F - a +6 ring of dexterity
 I - a +6 ring of strength
 T - a +9 ring of slaying (left hand)
 Z - a +6 ring of dexterity
Wands
 H - a wand of acid (31)
 R - a wand of flame (23)
 V - a wand of mindburst (8)
Scrolls
 c - 8 scrolls of enchant armour
 d - 14 scrolls of teleportation
 f - 2 scrolls of fear
 u - 3 scrolls of enchant weapon
 v - 12 scrolls of identify {@r1}
 w - a scroll of revelation
 x - 2 scrolls of brand weapon
 A - 3 scrolls of noise
 M - 4 scrolls of amnesia
 N - 2 scrolls of poison
 O - 2 scrolls of fog
 S - a scroll of silence
Potions
 e - 9 potions of curing
 g - a potion of brilliance
 l - a potion of haste
 n - a potion of heal wounds
 C - 2 potions of might
 G - 2 potions of enlightenment
 J - a potion of invisibility
 K - a potion of ambrosia
 L - a potion of resistance
 U - 3 potions of lignification
 Y - a potion of mutation
Miscellaneous
 E - a box of beasts


   Skills:
 + Level 18.7 Fighting
 - Level 20.3 Axes
 + Level 20.1 Armour
 - Level 5.0 Dodging
 - Level 1.0 Spellcasting
 - Level 3.2 Fire Magic
 - Level 7.0 Invocations


You had 11 spell levels left.
You knew the following spells:

 Your Spells              Type           Power      Damage    Failure   Level
a - Scorch                Fire           22%        2d5       32%         2
b - Blink                 Tloc           0%         N/A       77%         2
c - Lesser Beckoning      Tloc           0%         N/A       77%         2

Your spell library contained the following spells:

 Spells                   Type           Power      Damage    Failure   Level
 Foxfire                  Conj/Fire      24%        2x1d5     38%         1
 Freeze                   Ice            0%         1d3       63%         1
 Magic Dart               Conj           0%         1d3       63%         1
 Necrotise                Necr           0%         1d4       63%         1
 Sandblast                Erth           0%         2d4       63%         1
 Cigotuvi's Dreadful Rot  Necr/Pois/Air  0%         N/A       77%         2
 Passwall                 Tmut/Erth      0%         N/A       77%         2
 Poisonous Vapours        Pois/Air       0%         N/A       77%         2
 Searing Ray              Conj           0%         2d4       77%         2
 Wereblood                Tmut           0%         N/A       77%         2
 Volatile Blastmotes      Fire/Tloc      12%        2d11      77%         3
 Ignite Poison            Fire/Tmut/Pois 4%         N/A       83%         3
 Dazzling Flash           Conj/Hex       0%         N/A       94%         3
 Gell's Gravitas          Tloc           0%         N/A       94%         3
 Ozocubu's Armour         Ice            0%         N/A       94%         3
 Portal Projectile        Hex/Tloc       0%         N/A       94%         3
 Stone Arrow              Conj/Erth      0%         3d7       94%         3
 Teleport Other           Tloc           0%         N/A       94%         3
 Vampiric Draining        Necr           0%         2d6       94%         3
 Vhi's Electric Charge    Tloc/Air       0%         N/A       94%         3
 Anguish                  Hex/Necr       0%         N/A       100%        4
 Cause Fear               Hex            0%         N/A       100%        4
 Fulminant Prism          Conj/Hex       0%         3d5       100%        4
 Iskenderun's Mystic Bla  Conj/Tloc      0%         2d3       100%        4
 Leda's Liquefaction      Hex/Erth       0%         N/A       100%        4
 Manifold Assault         Tloc           0%         N/A       100%        4
 Passage of Golubria      Tloc           0%         N/A       100%        4
 Agony                    Necr           0%         N/A       100%        5
 Arcjolt                  Conj/Air       0%         1d10      100%        5
 Freezing Cloud           Conj/Ice/Air   0%         6-21      100%        5
 Irradiate                Conj/Tmut      0%         3d11      100%        5
 Silence                  Hex/Air        0%         N/A       100%        5
 Leda's Unmaking          Conj/Erth      0%         9d1       100%        6
 Plasma Beam              Fire/Air       3%         2x1d13    100%        6
 Starburst                Conj/Fire      3%         6d3       100%        6
 Enfeeble                 Hex            0%         N/A       100%        7
 Ozocubu's Refrigeration  Ice            0%         4d7       100%        7
 Lehudib's Crystal Spear  Conj/Erth      0%         10d2      100%        8
 Maxwell's Capacitive Co  Air            0%         ∞         100%        8
 Polar Vortex             Ice            0%         N/A       100%        9
 Summon Small Mammal      Summ           Unusable   N/A       N/A         1
 Call Canine Familiar     Summ           Unusable   N/A       N/A         3
 Summon Guardian Golem    Hex/Summ       Unusable   N/A       N/A         3
 Summon Ice Beast         Ice/Summ       Unusable   N/A       N/A         4

Dungeon Overview and Level Annotations

Branches:
Dungeon (15/15)            Temple (0/1) D:7            Lair (5/5) D:9
  Swamp (0/4) Lair:2       Spider (2/4) Lair:2        Slime (0/5) Lair:4
    Orc (2/2) D:9             Elf (0/3) Orc:2        Vaults (0/5) D:14
 Depths (0/4) D:15        Gauntlet (visited)

Altars:
Ashenzari
Cheibriados
Dithmenos
Elyvilon
Gozag
Makhleb
Okawaru
Ru
Trog
Uskayaw
Vehumet
Xom
Yredelemnul
Zin
The Shining One
Beogh
Jiyva

Shops:
D:3 =?   D:12 [   Orc:2 !(*!*

Portals:
Trove: D:10 (give +9 ring of slaying)

Annotations:
D:3 +9 slay
D:6 3 runed translucent doors, drugrobin's ghost, novice DgDe
D:13 2 transporters, Ithuta Obua's ghost, journeyman MiBe
Lair:2 unfinished
Spider:2 1 transporter, exclusion: orange crystal statue


Innate Abilities, Weirdness & Mutations

You have a somewhat thin skeletal structure. (Dex +2, Stealth+)
You occasionally shout uncontrollably at your foes.


Message History

* * * LOW HITPOINT WARNING * * *
The jumping spider leaps!
The pharaoh ant closely misses you.
Damage: -8%(-13hp) hp: 41%(63hp)
The jumping spider leaps!
Unknown command.
The pharaoh ant attacks as you move away!
The pharaoh ant closely misses you.
The jumping spider leaps!
The pharaoh ant barely misses you. The jumping spider barely misses you.
The jumping spider bites you but does no damage.
The entropy weaver casts a spell at you.
The entropic weave corrodes you!
The pharaoh ant attacks as you move away!
The pharaoh ant bites you!
* * * LOW HITPOINT WARNING * * *
The jumping spider closely misses you. The jumping spider bites you.
* * * LOW HITPOINT WARNING * * *
The pharaoh ant bites you!!
* * * LOW HITPOINT WARNING * * *
You feel drained.
* * * LOW HITPOINT WARNING * * *
The pharaoh ant barely misses you.
Huge Dmg: -40%(-58hp) hp: 5%(7hp)
As you read the scroll of fear, it crumbles to dust.
You assume a fearsome visage.
The entropy weaver looks frightened!
The orb spider looks frightened!
The pharaoh ant is unaffected. x2
The jumping spider looks frightened!
The jumping spider leaps!
The pharaoh ant completely misses you.
The jumping spider leaps!
The pharaoh ant bites you but does no damage.
You feel much better. The pharaoh ant barely misses you.
The jumping spider leaps!
The pharaoh ant bites you but does no damage.
The pharaoh ant closely misses you.
The pharaoh ant attacks as you move away!
The pharaoh ant bites you!!
* * * LOW HITPOINT WARNING * * *
The jumping spider leaps! x2; The pharaoh ant barely misses you.
Huge Dmg: -12%(-17hp) hp: 12%(17hp)
The pharaoh ant attacks as you move away!
The pharaoh ant bites you!!
You die...

....^## ...# ......^ ...#
......s####### ####†..#
°.#..s†B##..## ##......#
......°†s.....# ##...†...#
..#.......^..## ##.......##
##.....##..####........#
#......##BB###..........#
....#..#.@####..........###
#.#.######..##..#........#.#
#### ##.^###..........^..
#..###.....©..†....#
##..##..#########....
##○.###.##8.....8##...
#.>.#...#{........#...
#..##...#s##.©.##.#...
#..###..#{##...##.#.#.


You could see 2 pharaoh ants.

Vanquished Creatures
  Jorgrun (D:13)
  Frances (D:14)
  A fire giant (D:15)
  An orc warlord (Orc:1)
  The ghost of Bediveer the Markself, a journeyman DEHu of Okawaru (D:14)
  An ironbound preserver (D:14)
  Azrael (D:12)
  A minotaur (Gauntlet)
  A fire dragon (D:15)
  Fannar (D:11)
  Josephine (Orc:1)
  14 hydras
  Erolcha (Orc:1)
  Erica (D:11)
  2 boulder beetles
  2 radroaches
  5 two-headed ogres
  5 catoblepae
  4 centaur warriors (D:13)
  A death scarab (Spider:2)
  17 death yaks
  3 demonic crawlers
  4 tengu warriors
  4 orc high priests
  Sonja (D:10)
  A skyshark (Lair:3)
  A pharaoh ant (Spider:1)
  5 skeletal warriors
  2 orb spiders
  2 wizards (D:14)
  An obsidian statue (D:15)
  A harpy (shapeshifter) (D:15)
  A steelbarb worm (Spider:1)
  Pikel (D:8)
  6 orc sorcerers
  6 orc knights
  6 cyclopes
  7 manticores
  11 wolf spiders
  9 elephants (Lair:5)
  4 black mambas
  A guardian serpent (shapeshifter) (D:15)
  A torpor snail (Gauntlet)
  A gargoyle (D:14)
  12 cane toads
  9 rime drakes
  An efreet (D:13)
  A kobold demonologist (D:14)
  6 komodo dragons
  18 tarantellas
  4 trolls
  4 hornets
  3 polar bears
  A tyrant leech (Lair:2)
  Prince Ribbit (D:7)
  3 slime creatures (D:12)
  6 jumping spiders
  12 blink frogs
  10 culicivoras
  A centaur simulacrum (D:15)
  A shadow (D:12)
  2 vampires
  12 spriggans (Lair:3)
  36 yaks
  11 wyverns
  13 fire elementals
  5 wraiths (Orc:1)
  8 basilisks
  47 redbacks
  5 vampire mosquitoes
  An acid dragon (D:10)
  4 swamp worms (Lair:2)
  5 wargs
  12 water moccasins
  4 hell hounds
  An ice beast (D:7)
  35 orc warriors
  3 black bears
  4 sky beasts
  6 boggarts
  6 ogres
  14 wolves
  5 centaurs
  3 phantoms
  2 lemures (D:8)
  4 kobold brigands
  13 bullfrogs
  A gnoll sergeant (D:9)
  7 scorpions
  8 wights
  16 killer bees
  4 howler monkeys
  An electric eel (D:6)
  4 hounds
  2 jellies
  20 orc priests
  Crazy Yiuf (D:7)
  A gnoll bouda (D:4)
  5 iguanas
  23 orc wizards
  7 hell rats (Lair:5)
  Robin (D:2)
  14 gnolls
  11 adders
  2 shadow imps
  2 white imps
  7 worms
  4 dart slugs
  79 orcs
  8 ball pythons
  8 endoplasms
  5 giant cockroaches
  15 goblins
  7 hobgoblins
  4 jackals (D:4)
  A quokka (D:4)
  6 bats
  A frilled lizard (D:2)
  27 kobolds
  6 rats
  A butterfly (Lair:4)
805 creatures vanquished.

Vanquished Creatures (others)
  An orc knight (Orc:1)
  A gnoll sergeant (Orc:1)
  An orc priest (Orc:1)
  2 gnolls (Orc:1)
5 creatures vanquished.

Grand Total: 810 creatures vanquished

Notes
Turn   | Place    | Note
-------+----------+-------------------------------------------
     0 | D:1      | RepHenryClay the Hill Orc Cinder Acolyte began the quest
                  | for the Orb.
     0 | D:1      | Reached XP level 1. HP: 19/19 MP: 2/2
   228 | D:1      | Reached XP level 2. HP: 26/26 MP: 3/3
   403 | D:1      | Reached skill level 5 in Axes
   409 | D:1      | Learned a level 2 spell: Scorch
   480 | D:1      | Reached XP level 3. HP: 12/31 MP: 4/4
  1163 | D:2      | Reached XP level 4. HP: 32/39 MP: 5/5
  1359 | D:2      | Found a faded altar of an unknown god.
  1662 | D:2      | Noticed Robin
  1677 | D:2      | Killed Robin
  1712 | D:2      | Reached XP level 5. HP: 45/45 MP: 6/6
  1991 | D:3      | Reached skill level 1 in Armour
  2275 | D:3      | Found Nafuge's One-of-a-Kind Rings.
  2297 | D:3      | Found Zeost's Magic Scroll Shop.
  2310 | D:3      | Bought a scroll of enchant weapon for 82 gold pieces
  2940 | D:4      | Reached XP level 6. HP: 32/51 MP: 7/7
  3310 | D:4      | Noticed a black bear
  3323 | D:4      | Killed a black bear
  3324 | D:4      | Reached XP level 7. HP: 31/57 MP: 8/8
  3658 | D:5      | Entered Level 5 of the Dungeon
  3732 | D:5      | Reached skill level 5 in Armour
  3800 | D:5      | Reached skill level 10 in Axes
  3800 | D:5      | Reached XP level 8. HP: 64/64 MP: 9/9
  3813 | D:5      | Identified the +3 war axe "Etsoxt" {venom, rC+}
  3956 | D:5      | Found a sacrificial altar of Ru.
  4376 | D:6      | Found a runed translucent gate.
  4376 | D:6      | Noticed drugrobin's ghost (novice DgDe)
  4377 | D:6      | Found a runed translucent gate.
  4377 | D:6      | Found a runed translucent gate.
  4380 | D:6      | Noticed a kobold demonologist
  4536 | D:6      | Found a glowing silver altar of Zin.
  4832 | D:6      | Reached XP level 9. HP: 70/70 MP: 10/10
  4870 | D:6      | Found an opulent altar of Gozag.
  4909 | D:6      | Found a white marble altar of Elyvilon.
  4944 | D:6      | Found a shadowy altar of Dithmenos.
  5161 | D:6      | Found a hide-covered altar of Uskayaw.
  5729 | D:7      | Found a snail-covered altar of Cheibriados.
  5737 | D:7      | Identified the +1 robe of Sunlight {rF+ rC- Int+5}
  5751 | D:7      | Found an iron altar of Okawaru.
  5835 | D:7      | Found a runed translucent door.
  5836 | D:7      | Noticed Crazy Yiuf
  5951 | D:7      | Found a shimmering altar of Xom.
  5952 | D:7      | Found a shimmering altar of Xom.
  5952 | D:7      | Found a shimmering altar of Xom.
  5952 | D:7      | Found a shimmering altar of Xom.
  5953 | D:7      | Found a shimmering altar of Xom.
  6022 | D:7      | a shapeshifter changed into a troll
  6022 | D:7      | Noticed a troll (shapeshifter)
  6083 | D:7      | Noticed a queen bee
  6099 | D:7      | a queen bee changed into a yak
  6126 | D:7      | Found a staircase to the Ecumenical Temple.
  6127 | D:7      | Noticed Prince Ribbit
  6139 | D:7      | Killed Prince Ribbit
  6209 | D:7      | Learned a level 2 spell: Blink
  6212 | D:7      | Learned a level 2 spell: Lesser Beckoning
  6329 | D:7      | Noticed a death drake
  6329 | D:7      | Noticed a deep troll
  6332 | D:7      | Noticed a cyclops
  6346 | D:7      | Noticed a torpor snail
  6400 | D:7      | Killed Crazy Yiuf
  6581 | D:8      | Reached XP level 10. HP: 73/77 MP: 11/11
  6695 | D:8      | Reached skill level 10 in Armour
  6714 | D:8      | Found a basalt altar of Yredelemnul.
  6715 | D:8      | Found a bloodstained altar of Trog.
  6715 | D:8      | Found a radiant altar of Vehumet.
  6716 | D:8      | Found a broken altar of Ashenzari.
  6937 | D:8      | Noticed a two-headed ogre
  6943 | D:8      | Noticed Pikel
  6949 | D:8      | Killed a two-headed ogre
  7154 | D:8      | Killed Pikel
  7303 | D:8      | Reached skill level 15 in Axes
  7521 | D:9      | Found a glowing golden altar of the Shining One.
  7744 | D:9      | Found a staircase to the Orcish Mines.
  7755 | D:9      | Found a roughly hewn altar of Beogh.
  8171 | D:9      | Found a staircase to the Lair.
  8188 | D:9      | Reached XP level 11. HP: 31/82 MP: 12/12
  8812 | Orc:1    | Entered Level 1 of the Orcish Mines
  8865 | Orc:2    | Entered Level 2 of the Orcish Mines
  8877 | Orc:2    | Noticed an orc high priest
  8899 | Orc:1    | Killed an orc high priest
  8900 | Orc:1    | Reached skill level 5 in Fighting
  9230 | Orc:2    | Noticed an orc sorcerer
  9234 | Orc:2    | Noticed an orc knight
  9236 | Orc:2    | Noticed an orc knight
  9237 | Orc:2    | Noticed Josephine
  9242 | Orc:1    | Killed an orc sorcerer
  9333 | Orc:2    | Noticed an orc warlord
  9333 | Orc:2    | Noticed an orc knight
  9346 | D:9      | Killed an orc knight
  9565 | D:9      | Killed an orc knight
  9830 | Orc:1    | Gained mutation: You do not regenerate when monsters are
                  | visible. [potion of mutation]
 10038 | Lair:1   | Entered Level 1 of the Lair of Beasts
 10038 | Lair:1   | Noticed a catoblepas
 10054 | Lair:1   | Killed a catoblepas
 10232 | Lair:1   | Found a gate leading to a gauntlet.
 10241 | Gauntlet | Entered a Gauntlet
 10241 | Gauntlet | Found a transporter.
 10314 | Gauntlet | Found a runed translucent door.
 10316 | Gauntlet | Found a transporter.
 10318 | Gauntlet | Found a runed translucent door.
 10328 | Gauntlet | Found a transporter.
 10332 | Gauntlet | Found a transporter.
 10334 | Gauntlet | Noticed a wretched star
 10342 | Gauntlet | Found a transporter.
 10362 | Gauntlet | Found a transporter.
 10367 | Gauntlet | Noticed a four-headed hydra
 10375 | Gauntlet | Found a transporter.
 10377 | Gauntlet | Noticed a moth of wrath
 10395 | Gauntlet | Found a transporter.
 10399 | Gauntlet | Found a transporter.
 10407 | Gauntlet | Found a transporter.
 10437 | Gauntlet | Found a transporter.
 10437 | Gauntlet | Found a transporter.
 10437 | Gauntlet | Noticed an obsidian statue
 10492 | Gauntlet | Identified the +2 pair of gloves of Gashi {Int+2}
 10552 | Gauntlet | Identified the +0 hat "Ligunwakh" {Rampage rElec rPois
                  | Str-2}
 10573 | Gauntlet | Killed a one-headed hydra
 10574 | Gauntlet | Reached XP level 12. HP: 79/104 MP: 13/13
 10613 | Gauntlet | Noticed a minotaur
 10631 | Gauntlet | Killed a minotaur
 10983 | Lair:1   | Reached skill level 10 in Fighting
 11693 | Lair:2   | Noticed a four-headed hydra
 11704 | Lair:2   | Killed a one-headed hydra
 11805 | Lair:2   | Found a hole to the Spider Nest.
 11822 | Lair:2   | Noticed a demonic crawler
 11837 | Lair:2   | HP: 2/110 [demonic crawler (13)]
 11967 | D:10     | Entered Level 10 of the Dungeon
 12031 | D:10     | Identified the +7 whip of the Pits of Slime {freeze, rC+
                  | Dex+2 SInv}
 12114 | D:10     | Noticed a two-headed ogre
 12119 | D:10     | Killed a two-headed ogre
 12120 | D:10     | Reached skill level 15 in Armour
 12345 | D:10     | Noticed Sonja
 12431 | D:10     | Killed Sonja
 12626 | D:10     | Found a burning altar of Makhleb.
 12787 | D:10     | Found a portal to a secret trove of treasure.
 13160 | D:11     | Noticed Fannar
 13179 | D:11     | Killed Fannar
 13181 | D:11     | Reached XP level 13. HP: 78/119 MP: 14/14
 13270 | D:11     | Lost mutation: You do not regenerate when monsters are
                  | visible. [potion of mutation]
 13270 | D:11     | Gained mutation: You occasionally shout uncontrollably at
                  | your foes. [potion of mutation]
 13270 | D:11     | Gained mutation: You have a somewhat thin skeletal
                  | structure. (Dex +2, Stealth+) [potion of mutation]
 13344 | D:11     | Noticed Erica
 13353 | D:11     | Killed Erica
 13699 | D:12     | Identified the +1 chain mail of Simamnum {Fly rPois rC-
                  | Str+4}
 13821 | D:12     | Noticed Azrael
 13852 | D:12     | Killed Azrael
 14460 | D:12     | Found an iron altar of Okawaru.
 14603 | D:12     | Found Ducy's Armour Shop.
 14671 | D:13     | Noticed Jorgrun
 14699 | D:13     | Killed Jorgrun
 15106 | D:13     | Found a transporter.
 15138 | D:13     | Found a transporter.
 15147 | D:13     | Noticed Ithuta Obua's ghost (journeyman MiBe)
 15149 | D:13     | Identified the +8 great mace of the Grey Skies {heavy,
                  | rElec Int+4 Dex-4}
 15149 | D:13     | Noticed an ettin
 16146 | Orc:1    | Killed an orc warlord
 16170 | Orc:1    | Killed Josephine
 16322 | Orc:1    | Reached skill level 15 in Fighting
 16470 | Orc:2    | Reached XP level 14. HP: 118/135 MP: 15/15
 16781 | Orc:2    | Found Atonust's Distillery.
 16813 | Orc:2    | Found a staircase to the Elven Halls.
 17205 | Orc:2    | Found Suqol's General Store.
 17205 | Orc:2    | Found Tiruole's Weapon Shoppe.
 17206 | Orc:2    | Found Luorrasa's Assorted Antiques.
 17206 | Orc:2    | Found Jeg Russ's Distillery.
 17264 | Orc:2    | Bought a scroll labelled CAJUED WUPSI for 38 gold pieces
 17269 | Orc:2    | Bought a potion of heal wounds for 70 gold pieces
 17589 | Orc:1    | Noticed Erolcha
 17715 | Orc:1    | Killed Erolcha
 18007 | Orc:1    | Found a roughly hewn altar of Beogh.
 18141 | D:7      | Fell from the grace of Ignis
 18141 | D:7      | Became a worshipper of Warmaster Okawaru
 18523 | D:14     | Reached skill level 1 in Invocations
 18554 | D:14     | Noticed Bediveer's ghost (journeyman DEHu)
 18589 | D:14     | Noticed Frances
 18609 | D:14     | Killed Frances
 18897 | D:14     | Reached * piety under Okawaru
 18913 | D:14     | Found a gate to the Vaults.
 18913 | D:14     | Noticed an ironbound preserver
 18930 | D:14     | Killed an ironbound preserver
 18931 | D:14     | Reached skill level 5 in Invocations
 18962 | D:14     | Reached ** piety under Okawaru
 19138 | D:14     | Got the Tome of Sandy Ozone
 19225 | D:14     | Found a runed translucent door.
 19499 | D:14     | You fall into a shaft and drop 1 floor!
 19499 | D:15     | Entered Level 15 of the Dungeon
 19906 | Lair:3   | Reached *** piety under Okawaru
 20072 | Lair:3   | Identified the +11 quarterstaff of Corruption {heavy, Will+
                  | rCorr Dex-5}
 20329 | Lair:3   | You fall into a shaft and drop 2 floors!
 20329 | Lair:5   | Entered Level 5 of the Lair of Beasts
 20341 | Lair:5   | Reached **** piety under Okawaru
 20481 | Lair:5   | Reached XP level 15. HP: 122/141 MP: 20/20
 20563 | Lair:5   | Reached ***** piety under Okawaru
 21191 | Lair:4   | Found a staircase to the Slime Pits.
 21192 | Lair:4   | Found a viscous altar of Jiyva.
 21260 | Lair:4   | Identified the +0 crystal plate armour of Ylidued {rCorr}
                  | (Okawaru gifted it to you on level 4 of the Lair of Beasts)
 21260 | Lair:4   | Received a gift from Okawaru
 21264 | Lair:4   | Reached skill level 1 in Dodging
 21864 | Lair:3   | You fall into a shaft and drop 2 floors!
 22055 | Lair:5   | Reached skill level 5 in Dodging
 22439 | Lair:2   | Found a staircase to the Swamp.
 23166 | Lair:3   | Reached ****** piety under Okawaru
 23224 | Lair:3   | Identified the +1 scale mail "Vurrug" {Will+ Stlth+}
                  | (Okawaru gifted it to you on level 3 of the Lair of Beasts)
 23224 | Lair:3   | Received a gift from Okawaru
 23294 | Lair:3   | Reached XP level 16. HP: 150/152 MP: 21/21
 23325 | Lair:3   | Identified the ring "Vuymoic" {Fly rF- rN+ Str+2}
 23490 | Lair:3   | Identified a scroll of acquirement
 23491 | Lair:3   | Acquired 1102 gold pieces
 23606 | D:8      | Was forgiven by Ignis
 23717 | D:3      | Bought a +9 ring of slaying for 2482 gold pieces
 25267 | D:15     | Identified the +3 quarterstaff "Morir" {freeze, rN+ Int+4}
 25634 | D:15     | Found a staircase to the Depths.
 25869 | D:15     | Got Sif Muna's Anthology of the Big Bang
 25952 | D:14     | Killed Bediveer's ghost
 26315 | Spider:1 | Entered Level 1 of the Spider Nest
 26728 | Spider:1 | Received a gift from Okawaru
 27878 | Spider:2 | Found a transporter.
 27989 | Spider:2 | HP: 7/147 [pharaoh ant (7)]
 27993 | Spider:2 | Mangled by a pharaoh ant

Illustrated notes

Levels and vault maps discovered:
D:1:      dpeg_arrival_renting, layout_loops_ring,
          chequers_serial_rivers_small_b
D:2:      layout_basic, hellmonk_ecumenical_altar_arch_garden,
          grunt_decor_fettered, minmay_snake_closets, uniq_robin
D:3:      layout_basic, serial_shops, shop_coins, minmay_misc_feat_five,
          nicolae_shop_unique_rings, feat_on_display
D:4:      layout_cave_pools, nicolae_figureground_sparkle
D:5:      layout_rooms, nicolae_ru_sacrificial_ziggurat, grunt_ministairs_8,
          mumra_transporter_accident
D:6:      minmay_opposing_rooms, layout_basic,
          pdpol_temple_overflow_zin_treasury_gozag_greed,
          nicolae_elyvilon_temple_path, grunt_temple_overflow_open,
          gammafunk_ghost_nasty_kobolds
D:7:      minmay_angry_zag, layout_rooms, xom_shifter_show,
          mainiacjoe_overflow_catch_the_wave, minmay_temple_entry_sparse_star,
          uniq_prince_ribbit1, uniq_crazy_yiuf_cottage
D:8:      layout_basic, chequers_temple_overflow_statue_of_worship,
          nrook_mini_vaults, minivault_26, kennysheep_generic_room_6, uniq_pikel
D:9:      layout_irregular_city, mainiacjoe_overflow_alcove_4,
          erik_lair_orcish_takeover, david_orc_5
D:10:     layout_cave_pods, lightli_temple_of_fire,
          nicolae_trove_entry_diagonal, uniq_sonja
D:11:     layout_cave_pools, kennysheep_generic_room_14, uniq_erica, uniq_fannar
D:12:     layout_irregular_city, serial_shops, nicolae_lakefront_shop,
          okawaru_metal_pillars_1_2, uniq_azrael
D:13:     layout_loops_cross, gammafunk_ghost_smash, nicolae_benzene_ring,
          uniq_jorgrun
D:14:     layout_loops_ring, skrybe_vaults_entry_preservation,
          hellmonk_ghost_happy_afterlife, uniq_frances
D:15:     grunt_enter_depths_giant_problem, layout_irregular_city,
          serial_column_ruins, column_ruins_hut, column_ruins_open_small,
          column_ruins_grid_1, column_ruins_corridor_dead_end,
          column_ruins_corridor_straight, column_ruins_open_tiny,
          minmay_misc_feat_roman, minivault_15
Lair:1:   statuecave_lemuel, layout_chaotic_city, gauntlet_entry_generic,
          minmay_hedge_maze, lemuel_fruit_fields
Lair:2:   layout_misc_corridors, palyth_hydra_swamp_entry,
          nicolae_spider_entry_non_spiders
Lair:3:   kb_forest_paths, layout_loops_ring, ldierk_geyser, st_stairs_7
Lair:4:   layout_cave_pods, slime_entry_1, lemuel_fruit_fields
Lair:5:   evilmike_catoblepas_cave, layout_long_grid, special_room
          [special_room_mythical_zoo], lemuel_fruit_fields
Spider:1: layout_chambers, hangedman_spider_tarantella_strand
Spider:2: gammafunk_sealed_arena, nicolae_spider_not_touching_you
Orc:1:    layout_diamond_mine, lemuel_statue_altar, uniq_erolcha
Orc:2:    grunt_orc_tribal_feast, layout_caves, serial_shops, shop,
          uniq_josephine

Skill      XL: |  1  2  3  4  5  6  7  8  9 10 11 12 13 14 15 16 |
---------------+-------------------------------------------------+-----
Axes           | 5 6 7 8 9 10 11 13 16 18 20 | 20.3
Armour         | 2 4 5 7 9 11 13 15 17 18 20 | 20.1
Fighting       | 9 12 15 16 18 | 18.7
Invocations    | 7 |  7.0
Dodging        | 5 |  5.0
Spellcasting   | |  1.0
Fire Magic     | |  3.2

Action                     |  1- 3 |  4- 6 |  7- 9 | 10-12 | 13-15 | 16-18 || total
---------------------------+-------+-------+-------+-------+-------+-------++-------
  Melee: Hand axe          |    86 |   172 |     9 |    34 |    17 |       ||   318
         Spear             |       |    17 |    30 |       |       |       ||    47
         Punch             |       |     1 |     2 |     4 |    13 |     8 ||    28
         War axe           |       |       |   166 |   570 |  1009 |   433 ||  2178
         Battleaxe         |       |       |       |       |    40 |    44 ||    84
 Invoke: Fiery Armour      |     1 |     3 |       |     4 |     1 |       ||     9
         Heroism           |       |       |       |       |     2 |     1 ||     3
  Evoke: Wand              |       |       |       |     3 |    13 |       ||    16
         Box of beasts     |       |       |       |     1 |       |       ||     1
    Use: Scroll            |       |       |    10 |     6 |    10 |     5 ||    31
         Potion            |       |       |       |    10 |     5 |     2 ||    17
   Stab: Petrified         |       |       |       |     3 |    16 |       ||    19
         Invisible         |       |       |       |     2 |       |       ||     2
         Petrifying        |       |       |       |     1 |     1 |       ||     2
         Sleeping          |       |       |       |       |     1 |       ||     1
 Armour: Robe              |     9 |       |       |       |       |       ||     9
         Ring mail         |    22 |    12 |       |       |       |       ||    34
         Chain mail        |       |    52 |       |       |       |   277 ||   329
         Plate armour      |       |    47 |   105 |   434 |   812 |    42 ||  1440
  Dodge: Dodged            |    56 |    59 |    40 |   198 |   376 |   188 ||   917
  Block: Other             |       |    27 |    41 |    71 |   126 |       ||   265
         Reflection        |       |     1 |     1 |    11 |    13 |       ||    26

Table legend: (Time is in decaauts)
 A = Elapsed time spent in this place.
 B = Non-inter-level travel time spent in this place.
 C = Inter-level travel time spent in this place.
 D = Time resting spent in this place.
 E = Time spent auto-exploring this place.
 F = Levels seen in this place.
 G = Mean time per level.
                   A        B        C        D        E       F      G
               +--------+--------+--------+--------+--------+-----+--------+
         Total |  28210 |  25866 |   2344 |   2949 |  18052 |  25 | 1128.4 |
       Dungeon |  17026 |  15568 |   1458 |   1627 |  11481 |  15 | 1135.1 |
          Lair |   6453 |   5898 |    555 |    313 |   4300 |   5 | 1290.6 |
   Spider Nest |   1607 |   1541 |     66 |    122 |   1101 |   2 |  803.5 |
  Orcish Mines |   2584 |   2320 |    264 |    777 |    896 |   2 | 1292.0 |
      Gauntlet |    538 |    538 |      0 |    110 |    274 |   1 |  538.0 |
               +--------+--------+--------+--------+--------+-----+--------+

Top non-repeatable levels by time:
     D:9: 2347 daAuts
  Lair:5: 1515 daAuts
    D:14: 1475 daAuts
  Lair:1: 1434 daAuts
     D:6: 1389 daAuts
   Orc:1: 1389 daAuts
  Lair:3: 1325 daAuts
    D:12: 1282 daAuts
    D:13: 1281 daAuts
Spider:1: 1275 daAuts
   Orc:2: 1195 daAuts
  Lair:2: 1171 daAuts
     D:7: 1154 daAuts
    D:10: 1140 daAuts
     D:2: 1029 daAuts
